 Dungeon Crawl Stone Soup version 0.31.0-11-ge490571c62 (webtiles) character file.

Game seed: 13750001808558312627

126 qw the Skirmisher (level 4, 0/25 HPs)
             Began as a Deep Elf Hunter on Feb 3, 2024.
             Slain by an orc priest
             ... wielding a +0 mace
              (5 damage)
             ... on level 3 of the Dungeon.
             The game lasted 00:01:20 (2494 turns).

qw the Skirmisher (Deep Elf Hunter)                 Turns: 2494, Time: 00:01:21

Health: 0/25       AC:  6    Str: 10    XL:     4   Next: 83%
Magic:  6/6        EV: 11    Int: 14    God:
Gold:   54         SH:  0    Dex: 18    Spells: 3/3 levels left

rFire   . . .        a - +0 shortbow
rCold   . . .        (shield currently unavailable)
rNeg    . . .        g - +1 ring mail
rPois   .            (no helmet)
rElec   .            (no cloak)
rCorr   .            (no gloves)
SInv    .            (no boots)
Will    .....        d - amulet of the acrobat
Stlth   +            (no ring)
HPRegen 0.24/turn    (no ring)
MPRegen 0.10/turn

%: acrobat
@: no status effects
A: no striking features
a: no special abilities


You were on level 3 of the Dungeon.
You visited 1 branch of the dungeon, and saw 4 of its levels.

You collected 162 gold pieces.
You spent 108 gold pieces at shops.


   Skills:
 - Level 1.5 Fighting
 + Level 8.2 Ranged Weapons
 - Level 2.4 Dodging
 - Level 1.2 Stealth


You had 3 spell levels left.
You didn't know any spells.
Your spell library was empty.

Inventory:

Hand Weapons
 a - a +0 shortbow (weapon)
Armour
 g - a +1 ring mail (worn)
Jewellery
 d - an amulet of the acrobat (around neck)
Potions
 e - a potion of haste
 j - a potion of brilliance {unknown}

Dungeon Overview and Level Annotations

Branches:
Dungeon (4/15)
 Temple: D:4-7

Altars:
Vehumet

Shops:
D:3 *


Message History

You kill the orc!
You shoot an arrow. The arrow barely misses the orc priest.
The orc priest begins to cast a cantrip, but forgets the words!
You shoot an arrow.
The arrow closely misses the orc priest.
An orc comes into view. It is wielding a +0 flail.
You shoot an arrow. The arrow hits the orc priest.
The orc priest is lightly wounded.
You shoot an arrow.
The arrow closely misses the orc priest.
The orc priest calls down the wrath of Beogh upon you.
Pain shoots through your body!
You shoot an arrow. The arrow hits the orc priest!
The orc priest is heavily wounded.
An orc comes into view. It is wielding a +0 trident.
2487 ||| STAIRDANCE The orc barely misses you.
The orc priest barely misses you.
You climb upwards.
There is a stone staircase leading down here.
You shoot an arrow. The arrow hits the orc priest.
The orc priest is severely wounded.
The orc hits you but does no damage. The orc priest completely misses you.
You shoot an arrow. The arrow barely misses the orc priest.
The orc misses you. The orc priest closely misses you.
You shoot an arrow.
The arrow closely misses the orc priest.
The orc hits you but does no damage.
The orc priest looks encouraged for a moment.
You shoot an arrow. The arrow barely misses the orc priest.
The orc closely misses you.
The orc priest invokes the aid of Beogh against you.
Beogh smites you!
You shoot an arrow. The arrow barely misses the orc priest.
The orc hits you with a +0 flail.
The orc priest hits you but does no damage.
You shoot an arrow.
The arrow closely misses the orc priest.
The orc misses you. The orc priest hits you with a +0 mace.
The orc hits you with a +0 flail. The orc priest hits you with a +0 mace.
You die...

## #.# #ยค# # #.# #.#
# #.# #.# # ##.# #.# #
#..# #.# # #.## #.# #
#.# #.# # #.#
####.#### # #.#
#o@o....# ### #.#
#.#####.# ..# #.###.#
#.# ..##### #.....#
#.# ......#####.###.#
#.# ......#.....#
#.#####.#
#.....#####.#
#.......#
......#.....#
#####..##
._......###########..#


You could see an orc priest and an orc.

Vanquished Creatures
  3 gnolls (D:3)
  4 adders
  A ribbon worm (D:2)
  2 dart slugs
  2 orcs
  5 endoplasms
  2 giant cockroaches
  8 goblins
  4 hobgoblins
  2 quokkas (D:1)
  4 ball pythons
  5 bats
  4 frilled lizards
  4 kobolds (D:1)
  6 rats
56 creatures vanquished.

Notes
Turn   | Place    | Note
-------+----------+-------------------------------------------
     0 | D:1      | qw the Deep Elf Hunter began the quest for the Orb.
     0 | D:1      | Reached XP level 1. HP: 12/12 MP: 3/3
     0 | D:1      | 0 ||| qw: Version: 0.3-a-155-g5e7d8dd
     0 | D:1      | 0 ||| qw: Game counter: 3319
     0 | D:1      | 0 ||| qw: Melee chars always use a shield: true
     0 | D:1      | 0 ||| qw: God list: Okawaru
     0 | D:1      | 0 ||| qw: Allow faded altars: false
     0 | D:1      | 0 ||| qw: Do Orc after clearing Dungeon:15 true
     0 | D:1      | 0 ||| qw: Do second Lair branch before Depths: true
     0 | D:1      | 0 ||| qw: Lair rune preference: random
     0 | D:1      | 0 ||| qw: Goals: Normal
     0 | D:1      | 0 ||| PLANNING D:1-11
   238 | D:1      | Reached XP level 2. HP: 16/16 MP: 4/4
   242 | D:1      | Reached skill level 6 in Ranged Weapons
   709 | D:1      | 709 ||| UPGRADING to amulet of the acrobat.
   714 | D:1      | 714 ||| DROPPING scroll of butterflies.
   748 | D:2      | 748 ||| STAIRDANCE
   785 | D:2      | Reached XP level 3. HP: 15/20 MP: 5/5
  1026 | D:2      | Reached skill level 7 in Ranged Weapons
  1389 | D:2      | Reached XP level 4. HP: 25/25 MP: 6/6
  1531 | D:2      | 1531 ||| UPGRADING to +0 ring mail.
  1541 | D:2      | 1541 ||| DROPPING +0 leather armour.
  1542 | D:2      | 1542 ||| READING 2 scrolls labelled DAMENAE EZADD.
  1542 | D:2      | 1542 ||| IDENTIFYING metallic ruby potion
  1543 | D:2      | 1543 ||| READING scroll of identify.
  1543 | D:2      | 1543 ||| IDENTIFYING clear potion
  1544 | D:2      | 1544 ||| DRINKING 2 fizzy green potions.
  1545 | D:2      | 1545 ||| FLEEEEING.
  1546 | D:2      | 1546 ||| FLEEEEING.
  1547 | D:2      | 1547 ||| FLEEEEING.
  1548 | D:2      | 1548 ||| FLEEEEING.
  1549 | D:2      | 1549 ||| FLEEEEING.
  1550 | D:2      | 1550 ||| FLEEEEING.
  1551 | D:2      | 1551 ||| FLEEEEING.
  1552 | D:2      | 1552 ||| FLEEEEING.
  1553 | D:2      | 1553 ||| FLEEEEING.
  1554 | D:2      | 1554 ||| FLEEEEING.
  1555 | D:2      | 1555 ||| FLEEEEING.
  1556 | D:2      | 1556 ||| FLEEEEING.
  1557 | D:2      | 1557 ||| FLEEEEING.
  1558 | D:2      | 1558 ||| FLEEEEING.
  1559 | D:2      | 1559 ||| FLEEEEING.
  1560 | D:2      | 1560 ||| FLEEEEING.
  1561 | D:2      | 1561 ||| FLEEEEING.
  1562 | D:2      | 1562 ||| FLEEEEING.
  1563 | D:2      | 1563 ||| FLEEEEING.
  1564 | D:2      | 1564 ||| FLEEEEING.
  1565 | D:2      | 1565 ||| FLEEEEING.
  1566 | D:2      | 1566 ||| FLEEEEING.
  1567 | D:2      | 1567 ||| STAIRDANCE
  1669 | D:1      | 1669 ||| DROPPING potion of lignification.
  1670 | D:1      | 1670 ||| DROPPING potion of berserk rage.
  1981 | D:3      | Found a radiant altar of Vehumet.
  1988 | D:3      | Reached skill level 8 in Ranged Weapons
  2056 | D:3      | Found Xapsaqas's Assorted Antiques.
  2065 | D:3      | 2065 ||| SHOPLISTING runed ring mail (189 gold, have 159).
  2065 | D:3      | 2065 ||| BUYING scroll labelled ATEISS XOXKE (27 gold).
  2065 | D:3      | Bought a scroll labelled ATEISS XOXKE for 27 gold pieces
  2065 | D:3      | 2065 ||| BUYING scroll labelled MOHAZXAULI (27 gold).
  2065 | D:3      | Bought a scroll labelled MOHAZXAULI for 27 gold pieces
  2065 | D:3      | 2065 ||| BUYING scroll labelled VALIUJ ERCHE (27 gold).
  2065 | D:3      | Bought a scroll labelled VALIUJ ERCHE for 27 gold pieces
  2065 | D:3      | 2065 ||| BUYING scroll labelled VEONWASS SUDISSE (27 gold).
  2065 | D:3      | Bought a scroll labelled VEONWASS SUDISSE for 27 gold
                  | pieces
  2065 | D:3      | 2065 ||| SHOPLISTING silver wand (108 gold, have 51).
  2344 | D:3      | 2344 ||| READING scroll of identify.
  2344 | D:3      | 2344 ||| IDENTIFYING glowing yellow potion
  2345 | D:3      | 2345 ||| READING scroll labelled ATEISS XOXKE.
  2346 | D:3      | 2346 ||| READING scroll labelled MOHAZXAULI.
  2347 | D:3      | 2347 ||| READING scroll labelled VALIUJ ERCHE.
  2348 | D:3      | 2348 ||| READING scroll labelled VEONWASS SUDISSE.
  2348 | D:3      | 2348 ||| ENCHANTING +0 ring mail.
  2349 | D:3      | 2349 ||| READING scroll labelled VIOTHRIRAAS.
  2354 | D:3      | 2354 ||| READING scroll labelled ZOET IROGGEL.
  2455 | D:3      | 2455 ||| DROPPING potion of magic.
  2487 | D:4      | 2487 ||| STAIRDANCE
  2494 | D:3      | HP: 5/25 [orc/+0 flail (6)]
  2494 | D:3      | Slain by an orc priest

Levels and vault maps discovered:
D:1:      nicolae_arrival_somewhat_less_tricky_arrival, layout_loops_cross,
          reono_crystal_passage
D:2:      layout_basic, interstate_on_off, minmay_tripent
D:3:      layout_loops_ring, nicolae_overflow_crystal_walls, serial_shops, shop
D:4:      layout_cave_pools, mainiacjoe_overflow_boulevard, lemuel_tele_altar,
          minmay_temple_entry_junction_2, gammafunk_ghost_smash

Skill      XL: |  1  2  3  4 |
---------------+-------------+-----
Ranged Weapons | 6 7 8 |  8.2
Fighting       | |  1.5
Dodging        | |  2.4
Stealth        | |  1.2

Action                     |  1- 3 |  4- 6 || total
---------------------------+-------+-------++-------
   Fire: Shortbow          |   112 |    61 ||   173
    Use: Scroll            |       |     9 ||     9
         Potion            |       |     1 ||     1
 Armour: Leather armour    |    24 |       ||    24
         Ring mail         |       |    14 ||    14
  Dodge: Dodged            |    25 |    16 ||    41

Table legend:
 A = Non-vault XP
 B = Vault XP
 C = Vault XP percentage of total XP
 D = Non-vault monster count
 E = Vault monster count
 F = Vault count percentage of total count
                 A         B        C        D         E       F
            +---------+---------+-------+---------+---------+-------
      Total |     177 |       3 |   1.7 |      54 |       2 |   3.6
            +---------+---------+-------+---------+---------+-------
        D:1 |      38 |       0 |   0.0 |      26 |       0 |   0.0
        D:2 |      56 |       3 |   5.1 |      15 |       2 |  11.8
        D:3 |      80 |       0 |   0.0 |      12 |       0 |   0.0
        D:4 |       3 |       0 |   0.0 |       1 |       0 |   0.0
            +---------+---------+-------+---------+---------+-------
